 Dungeon Crawl Stone Soup version 0.28-a0-1555-g9ae15a6949 (webtiles) character file.

Game seed: 6012023926470514595

161 Hasart the Insei (level 5, -3/34 HPs)
             Began as an Octopode Transmuter on Jan 18, 2022.
             Slain by a hobgoblin (18 damage)
             ... on level 3 of the Dungeon.
             The game lasted 00:05:23 (2686 turns).

Hasart the Insei (Octopode Transmuter)              Turns: 2686, Time: 00:05:24

Health: -3/34      AC:  1    Str: 10    XL:     5   Next: 42%
Magic:  2/9        EV: 13    Int: 17    God:
Gold:   21         SH:  0    Dex: 12    Spells: 3/9 levels left

rFire   . . .      SeeInvis .     - Unarmed
rCold   . . .      Faith    .   (no shield)
rNeg    . . .      Spirit   .   (helmet restricted)
rPois   .          Reflect  .   (no amulet)
rElec   .          Harm     .   (no ring)
rCorr   .          Rampage  .   (no ring)
Will    .....                   (no ring)
Stlth   ++........              (no ring)
HPRegen 0.11/turn               (no ring)
MPRegen 0.11/turn               (no ring)
                                (no ring)
                                (no ring)

@: wereblooded
A: almost no armour, amphibious, 8 rings, camouflage 1, gelatinous body 1,
(nimble swimmer 1), tentacles
a: no special abilities


You were on level 3 of the Dungeon.
You visited 1 branch of the dungeon, and saw 3 of its levels.

You collected 21 gold pieces.

Inventory:

Scrolls
 a - a scroll of immolation {unknown}
 b - a scroll of vulnerability {unknown}
 c - 2 scrolls of brand weapon {unknown}
 d - a scroll of amnesia {unknown}
 e - a scroll of summoning {unknown}
 f - a scroll of identify {unknown}
 g - a scroll of fog {unknown}
Potions
 h - a potion of brilliance {unknown}
 i - a potion of ambrosia {unknown}


   Skills:
 + Level 1.9 Fighting
 + Level 2.7 Dodging
 * Level 4.1 Unarmed Combat
 + Level 2.7 Spellcasting
 + Level 2.7 Transmutations
 + Level 1.3 Poison Magic


You had 3 spell levels left.
You knew the following spells:

 Your Spells              Type           Power      Damage    Failure   Level
a - Beastly Appendage     Tmut           22%        N/A       6%          1
b - Wereblood             Tmut           11%        N/A       9%          2
c - Spider Form           Tmut/Pois      9%         N/A       22%         3

Your spell library contained the following spells:

 Spells                   Type           Power      Damage    Failure   Level
 Apportation              Tloc           4%         N/A       19%         1
 Blink                    Tloc           4%         N/A       26%         2
 Lesser Beckoning         Tloc           2%         N/A       47%         3
 Ice Form                 Ice/Tmut       7%         N/A       71%         4
 Alistair's Intoxication  Tmut/Pois      6%         N/A       91%         5
 Manifold Assault         Tloc           2%         N/A       99%         5


Dungeon Overview and Level Annotations

Branches:
Dungeon (3/15)

Altars:


Innate Abilities, Weirdness & Mutations

You cannot wear most types of armour.
You are amphibious.
You can wear up to eight rings at the same time.
Your skin changes colour to match your surroundings (Stealth+).
Your rubbery body absorbs attacks. (AC +1, EV +1)
((You are camouflaged when in or above water. (Stealth+)))
You have tentacles for arms and can constrict up to eight enemies at once.


Message History

Confirm with . or Enter, or press ? or * to list all spells.
Your blood is infused with primal strength.
The orc misses you.
You hit the orc.
The orc is poisoned.
The orc is severely wounded.
The orc closely misses you.
You hit the orc but do no damage.
The orc looks as sick as possible!
The orc is severely wounded.
You kill the orc!
You barely miss the goblin. The goblin hits you with a +0 dagger.
You barely miss the goblin.
Your transformation has ended.
The goblin hits you with a +0 dagger.
You bludgeon the goblin!
You feel a bit better.
You kill the goblin!
You howl as the wereblood boils in your veins!
You tentacle-slap something.
You tentacle-slap the orc but do no damage.
Your grab misses the orc. Your squeeze misses the orc.
Your magical contamination has completely faded away.
You tentacle-slap the orc. You grab the orc.
The orc is moderately wounded.
You howl as the wereblood boils in your veins!
You constrict the orc. The orc misses you.
You tentacle-slap the orc.
The orc is severely wounded.
You constrict the orc. The orc barely misses you.
You tentacle-slap the orc.
You feel a bit better.
You kill the orc!
You tentacle-slap the hobgoblin. Your grab misses the hobgoblin.
The hobgoblin is moderately wounded.
The hobgoblin hits you with the +9 hand axe of Insufficient Pleasure {freeze, rElec rF- Str+7 Stlth+}!
The hobgoblin freezes you.
You completely miss the hobgoblin. You grab the hobgoblin.
Your squeeze misses the hobgoblin.
The hobgoblin is moderately wounded.
You constrict the hobgoblin, but do no damage.
The hobgoblin hits you with the +9 hand axe of Insufficient Pleasure {freeze, rElec rF- Str+7 Stlth+}!!
Ouch! That really hurt!
You die...

#..†.......# #.....#..##
##.........# #....#.#....
#.........# #.##..#......
####...#### ##. #.......## #...#
.#. ##.###..## #...# .. #......##
######...######## .# #......##
................###.#####........
....)...........@g{...........###
................##o).####.....#
######...#########...# #.....
#...# #...# #...# #.o.# #...#
...... #### #...# .....#. #<..
....... .. ..## ........ #


You could see an orc and a hobgoblin.

Vanquished Creatures
  A hound (D:3)
  Terence (D:2)
  Robin (D:3)
  2 adders
  A worm (D:2)
  2 dart slugs (D:1)
  4 orcs (D:3)
  4 bats
  2 endoplasms
  A giant cockroach (D:3)
  15 goblins
  9 hobgoblins
  3 jackals (D:3)
  3 quokkas
  4 ball pythons
  5 frilled lizards
  2 kobolds
  5 rats
65 creatures vanquished.

Notes
Turn   | Place    | Note
-------+----------+-------------------------------------------
     0 | D:1      | Hasart the Octopode Transmuter began the quest for the Orb.
     0 | D:1      | Reached XP level 1. HP: 13/13 MP: 3/3
   128 | D:1      | Reached XP level 2. HP: 7/18 MP: 5/5
   131 | D:1      | Learned a level 2 spell: Wereblood
   686 | D:1      | Found a faded altar of an unknown god.
   811 | D:2      | Reached XP level 3. HP: 15/23 MP: 6/6
   968 | D:1      | Learned a level 3 spell: Spider Form
  1329 | D:2      | Noticed Terence
  1336 | D:2      | HP: 1/23 [frilled lizard (2)]
  1338 | D:2      | Killed Terence
  1339 | D:2      | Reached XP level 4. HP: 1/28 MP: 3/7
  1364 | D:1      | HP: 1/28 [frilled lizard (1)]
  2236 | D:3      | Reached skill level 1 in Poison Magic
  2236 | D:3      | Reached XP level 5. HP: 28/34 MP: 2/8
  2252 | D:3      | Reached skill level 4 in Unarmed Combat
  2266 | D:3      | Noticed Robin
  2601 | D:3      | Killed Robin
  2666 | D:3      | Identified the +9 hand axe of Insufficient Pleasure
                  | {freeze, rElec rF- Str+7 Stlth+}
  2686 | D:3      | Slain by a hobgoblin

Illustrated notes

Levels and vault maps discovered:
D:1:      minmay_arrival_checkered_box, layout_rooms,
          shapermc_ecumenical_altar_mp_highgroup
D:2:      layout_rooms, uniq_terence
D:3:      layout_loops_cross, uniq_robin

Skill      XL: |  1  2  3  4  5 |
---------------+----------------+-----
Poison Magic   | 1 |  1.3
Unarmed Combat | 4 |  4.1
Fighting       | |  1.9
Dodging        | |  2.7
Spellcasting   | |  2.7
Transmutations | |  2.7

Action                   |  1- 3 |  4- 6 || total
-------------------------+-------+-------++-------
Melee: Unarmed           |    60 |    94 ||   154
       Constrict         |    21 |     8 ||    29
       Tentacles         |    15 |     7 ||    22
       Punch             |     1 |       ||     1
       Kick              |       |     4 ||     4
 Cast: Spider Form       |     1 |     5 ||     6
       Beastly Appendage |       |     2 ||     2
       Wereblood         |       |     2 ||     2
 Stab: Sleeping          |     3 |       ||     3
Armor: Skin              |     4 |     5 ||     9
Dodge: Dodged            |    24 |    78 ||   102

Table legend: (Time is in decaauts)
 A = Elapsed time spent in this place.
 B = Non-inter-level travel time spent in this place.
 C = Inter-level travel time spent in this place.
 D = Time resting spent in this place.
 E = Time spent auto-exploring this place.
 F = Levels seen in this place.
 G = Mean time per level.
                   A        B        C        D        E       F      G
               +--------+--------+--------+--------+--------+-----+--------+
         Total |   2679 |   2655 |     24 |    859 |   1286 |   3 |  893.0 |
       Dungeon |   2679 |   2655 |     24 |    859 |   1286 |   3 |  893.0 |
               +--------+--------+--------+--------+--------+-----+--------+

Top non-repeatable levels by time:
     D:1: 1530 daAuts
     D:2: 680 daAuts
     D:3: 468 daAuts
